 Dungeon Crawl Stone Soup version 0.16-a0-3308-g116f5c4 (webtiles) character file.

9476 PolkaDot the Cruncher (level 11, -4/72 HPs)
             Began as a Vampire Summoner on Dec 26, 2014.
             Was a Believer of Sif Muna.
             Slain by a seven-headed hydra (11 damage)
             ... on level 2 of the Lair of Beasts.
             The game lasted 00:50:10 (12952 turns).

PolkaDot the Cruncher (Vampire Summoner)           Turns: 12952, Time: 00:50:11

Health: -4/72      AC:  7    Str:  7    XL:     11   Next: 23%
Magic:  17/17      EV: 14    Int: 20    God:    Sif Muna [**....]
Gold:   335        SH:  0    Dex: 14    Spells: 3 memorised, 2 levels left

rFire  + . .     SeeInvis +     a - +6 quarterstaff (freeze)
rCold  + . .     Clarity  .     u - +1 robe {rC+ rF+}
rNeg   . . .     SustAb   .     (no shield)
rPois  .         Gourm    .     l - +0 helmet
rElec  .         Spirit   .     d - +0 cloak (curse)
rCorr  .         Warding  .     (no gloves)
rMut   .         Stasis   +     H - +1 pair of boots {Stlth+}
MR     +....                    C - amulet of stasis
Stlth  ++++......               (no ring)
                                (no ring)

@: regenerating very quickly, somewhat resistant to hostile enchantments,
stealthy
A: bottle blood, fangs 3, see invisible, unbreathing
a: Channel Energy, Forget Spell, Renounce Religion


You were on level 2 of the Lair of Beasts.
You worshipped Sif Muna.
Sif Muna was pleased with you.
You were almost alive.

You visited 3 branches of the dungeon, and saw 12 of its levels.
You also visited: Ossuary.

You collected 500 gold pieces.
You spent 165 gold pieces at shops.

Inventory:

Hand weapons
 a - a +6 quarterstaff of freezing (weapon)
 m - a +0 lajatang
Missiles
 i - 2 throwing nets (quivered)
Armour
 d - a cursed +0 cloak (worn)
 l - a +0 helmet (worn)
 u - a +1 robe of resistance (worn)
 H - a +1 pair of boots of stealth (worn)
Magical staves
 b - an uncursed staff of power
Jewellery
 h - an uncursed ring of teleportation
 C - an amulet of stasis (around neck)
Magical devices
 p - a wand of paralysis (10)
 q - a wand of flame (33)
 v - a wand of polymorph (11)
 y - a wand of slowing (23)
 A - a wand of slowing (23)
Scrolls
 c - 5 scrolls of identify
 e - 2 scrolls of amnesia
 f - 4 scrolls of teleportation
 g - a scroll of holy word {unknown}
 o - 2 scrolls of remove curse
 r - a scroll of recharging
 s - a scroll of fear
 w - 5 scrolls of enchant armour
 G - a scroll of immolation
Potions
 j - a potion of flight
 k - 6 potions of brilliance
 n - a potion of heal wounds
 t - a potion of ambrosia
 x - a potion of blood {@*1}
 D - 2 potions of resistance
 E - a potion of agility
Books
 B - a book of Callings

   Spells                             Type                      Level
   a - Summon Small Mammal            Summoning                    1
   b - Call Imp                       Summoning                    2
   c - Call Canine Familiar           Summoning                    3
   d - Summon Guardian Golem          Hexes/Summoning              4
   e - Summon Lightning Spire         Summoning/Air                4
   f - Summon Ice Beast               Ice/Summoning                4


   Skills:
 - Level 2.1 Fighting
 * Level 11.8 Staves
 - Level 4.3 Dodging
 - Level 3.0 Stealth
 - Level 2.0 Spellcasting
 - Level 7.0 Hexes
 - Level 8.6 Summonings
 + Level 2.2 Ice Magic


You had 2 spell levels left.
You knew the following spells:

 Your Spells              Type           Power        Failure   Level  Hunger
d - Call Canine Familiar  Summ           #####...     1%          3    ###....
i - Summon Ice Beast      Ice/Summ       ###.....     21%         4    #####..
v - Summon Mana Viper     Hex/Summ       ####....     21%         5    ######.


Dungeon Overview and Level Annotations

Branches:
Dungeon (9/15)             Temple (1/1) D:4            Lair (2/8) D:9
    Orc: D:9-12

Altars:
Ashenzari
Cheibriados
Dithmenos
Elyvilon
Fedhas
Gozag
Kikubaaqudgha
Makhleb
Nemelex Xobeh
Okawaru
Qazlal
Ru
Sif Muna
Trog
Vehumet
Xom
Yredelemnul
Zin
The Shining One

Shops:
D:9 *


Innate Abilities, Weirdness & Mutations

Your natural rate of healing is extremely fast.
You can bottle blood from corpses.
You have razor-sharp teeth.
You have supernaturally acute eyesight.
You can survive without breathing.


Message History

The yak moves out of view.
You see here a lajatang.
m - a lajatang You sock the yak!
You freeze the yak. Your bite misses the yak.
The yak is heavily wounded.
The yak barely misses you.
A seven-headed hydra comes into view.
The seven-headed hydra roars!
A yak comes into view.
The seven-headed hydra bites you!
The seven-headed hydra completely misses you.
The seven-headed hydra bites you!
* * * LOW HITPOINT WARNING * * *
The seven-headed hydra bites you!
* * * LOW HITPOINT WARNING * * *
The seven-headed hydra barely misses you.
The seven-headed hydra bites you!
* * * LOW HITPOINT WARNING * * *
The seven-headed hydra bites you!
You die...

#.#...#................#
#.....P................#
#.#...P..#P##[##...P...#
#...#...Y#########.....##
........Y# #.##...#
#####....# #.####..
##...Y## #..##P..
#...D..# #..#.P..
##...@## ##.#.....
#....########........
#...?..........<.....#
..........(.............
###.................###.
##.P...............###
.................###.
..#........P>....#### ...
............#


You could see a seven-headed hydra and 3 yaks.

Vanquished Creatures
  A hydra (Lair:1)
  A black mamba (Lair:1)
  A spiny frog (Lair:1)
  2 komodo dragons
  A deep elf mage (D:9)
  2 hippogriffs
  5 yaks (Lair:1)
  3 wolves (Lair:1)
  Menkaure (D:6)
  3 water moccasins (Lair:1)
  A porcupine (Lair:1)
  4 ice beasts
  3 phantoms
  A yellow wasp (D:8)
  An orc warrior (D:8)
  A crocodile (Lair:1)
  Sigmund (D:5)
  3 big kobolds
  Blork the orc (D:8)
  4 giant frogs
  5 scorpions
  A water moccasin skeleton (D:4)
  8 electric eels (D:8)
  3 goliath beetles
  4 crimson imps
  A giant frog zombie (D:9)
  8 jellies
  5 human zombies (Ossuary)
  An orc priest (D:8)
  A centaur skeleton (D:4)
  9 centaur zombies
  7 hounds
  4 iguanas
  5 orc wizards
  6 worker ants
  3 mummies (Ossuary)
  A hound skeleton (D:8)
  Robin (D:2)
  5 adders
  8 gnolls
  10 river rats (Lair:1)
  5 shadow imps
  3 giant mites
  A worm (D:2)
  2 adder skeletons
  An adder zombie (D:6)
  3 giant geckos
  An ooze (shapeshifter) (D:8)
  19 orcs
  A ball python (D:1)
  A bat skeleton (D:6)
  A bat zombie (D:6)
  3 giant cockroaches
  30 hobgoblins
  9 jackals
  4 oozes
  2 quokkas
  10 bats
  A giant cockroach zombie (D:5)
  4 giant newts
  23 goblins
  2 goblin zombies (D:4)
  2 hobgoblin zombies (D:4)
  A jackal skeleton (D:4)
  23 kobolds
  A kobold zombie (D:4)
  4 orc skeletons (D:4)
  18 rats
311 creatures vanquished.

Vanquished Creatures (collateral kills)
  The ghost of Kemay the Insei, an experienced OpTm of Sif Muna (D:7)
  The ghost of runewalsh the Frost Mage, an experienced OpIE (D:4)
  A spiny frog (Lair:1)
  A komodo dragon (D:9)
  A spriggan (D:7)
  2 wolves (Lair:1)
  Edmund (D:8)
  An eye of draining (D:8)
  3 orc warriors
  An ogre (D:9)
  A phantom (D:5)
  A big kobold (D:9)
  A giant frog (D:8)
  3 killer bees (D:9)
  An electric eel (D:8)
  A goliath beetle (D:7)
  A crimson imp (D:6)
  A giant frog zombie (D:9)
  2 hounds (D:9)
  A centaur zombie (D:8)
  Crazy Yiuf (D:2)
  3 jellies (D:8)
  An orc priest (D:6)
  An orc wizard (D:8)
  2 gnolls (D:6)
  An ooze (D:6)
  5 orcs
  A giant cockroach (D:1)
  2 hobgoblins
  9 kobolds
52 creatures vanquished.

Vanquished Creatures (others)
  3 mana vipers
  A wolf (Lair:1)
  A crimson imp (D:6)
  11 hounds
  An orc wizard (D:8)
  A worm (D:2)
  2 orcs (D:8)
  A quokka (D:1)
  A bat (D:1)
  A giant spore (D:6)
  A jackal zombie (D:8)
  3 plants
27 creatures vanquished.

Grand Total: 390 creatures vanquished

Notes
Turn   | Place    | Note
--------------------------------------------------------------
     0 | D:1      | PolkaDot, the Vampire Summoner, began the quest for the Orb.
     0 | D:1      | Reached XP level 1. HP: 13/13 MP: 3/3
   465 | D:1      | Reached skill level 1 in Fighting
   525 | D:1      | Reached XP level 2. HP: 9/21 MP: 0/4
   597 | D:1      | Learned a level 2 spell: Call Imp
  1243 | D:2      | Noticed Crazy Yiuf
  1258 | D:2      | Killed Crazy Yiuf
  1258 | D:2      | Reached XP level 3. HP: 15/27 MP: 1/6
  1496 | D:2      | Reached skill level 1 in Staves
  1512 | D:2      | Noticed Robin
  1553 | D:2      | Reached XP level 4. HP: 33/33 MP: 7/7
  1703 | D:2      | Found a sparkling altar of Nemelex Xobeh.
  2035 | D:2      | Killed Robin
  2144 | D:2      | Learned a level 3 spell: Call Canine Familiar
  2223 | D:3      | Reached XP level 5. HP: 9/38 MP: 9/9
  2486 | D:3      | Found a sparkling altar of Nemelex Xobeh.
  2599 | D:3      | You fall through a shaft!
  2620 | D:4      | Reached XP level 6. HP: 37/44 MP: 10/10
  2627 | D:4      | Found a sand-covered staircase.
  2632 | Ossuary  | Entered an ossuary
  2836 | Ossuary  | Reached skill level 5 in Staves
  2951 | Ossuary  | Reached XP level 7. HP: 45/50 MP: 12/12
  3030 | Ossuary  | Reached skill level 6 in Staves
  3138 | D:4      | Found a staircase to the Ecumenical Temple.
  3152 | D:4      | Found a burning altar of Makhleb.
  3202 | Temple   | Entered the Ecumenical Temple
  3449 | Temple   | Became a worshipper of Sif Muna the Loreminder
  3526 | D:4      | Found a glowing golden altar of the Shining One.
  3854 | D:4      | Found a blossoming altar of Fedhas.
  3919 | D:4      | Reached XP level 8. HP: 54/56 MP: 13/13
  3926 | D:4      | Learned a level 5 spell: Summon Mana Viper
  3936 | D:4      | Noticed runewalsh's ghost (experienced OpIE)
  3955 | D:4      | Killed runewalsh's ghost
  3955 | D:4      | Reached skill level 7 in Staves
  3955 | D:4      | Reached skill level 1 in Hexes
  3955 | D:4      | Reached skill level 5 in Summonings
  4063 | D:5      | Entered Level 5 of the Dungeon
  4786 | D:5      | Found a glowing silver altar of Zin.
  4819 | D:5      | Found a shimmering altar of Xom.
  4864 | D:5      | Noticed Sigmund
  4876 | D:5      | Killed Sigmund
  4876 | D:5      | Reached skill level 8 in Staves
  4982 | D:5      | Found a snail-covered altar of Cheibriados.
  5010 | D:5      | Acquired Sif Muna's first power
  5152 | D:6      | Found a bloodstained altar of Trog.
  5235 | D:6      | Found a shattered altar of Ashenzari.
  5476 | D:6      | Noticed Menkaure
  5485 | D:6      | Killed Menkaure
  5485 | D:6      | Reached XP level 9. HP: 46/61 MP: 14/14
  5514 | D:6      | Reached skill level 5 in Hexes
  6300 | D:7      | Found a shadowy altar of Dithmenos.
  6590 | D:7      | Noticed Kemay's ghost (experienced OpTm)
  6596 | D:7      | Killed Kemay's ghost
  6596 | D:7      | Reached skill level 9 in Staves
  7349 | D:8      | Noticed Edmund
  7388 | D:8      | Acquired Sif Muna's second power
  7389 | D:8      | Killed Edmund
  7732 | D:8      | HP: 2/61 [electric eel/bolt of electricity (18)]
  7949 | D:8      | Reached XP level 10. HP: 42/67 MP: 16/16
  8119 | D:8      | Reached skill level 10 in Staves
  8817 | D:8      | Noticed Blork the orc
  8827 | D:8      | Killed Blork the orc
  9639 | D:9      | Found Arorghezi's General Store.
  9645 | D:9      | Bought a +2 pair of boots for 165 gold pieces
  9746 | D:9      | Found a sacrificial altar of Ru.
  9842 | D:9      | Found a staircase to the Lair.
 10357 | Lair:1   | Entered Level 1 of the Lair of Beasts
 10483 | Lair:1   | Reached skill level 11 in Staves
 11376 | Lair:1   | Noticed a six-headed hydra
 11392 | Lair:1   | Killed a six-headed hydra
 11417 | Lair:1   | Reached XP level 11. HP: 35/72 MP: 10/17
 11671 | Lair:1   | Learned a level 4 spell: Summon Ice Beast
 11690 | Lair:1   | Noticed a black mamba
 11702 | Lair:1   | Killed a black mamba
 11819 | Lair:1   | Reached skill level 1 in Ice Magic
 12948 | Lair:2   | Noticed a seven-headed hydra
 12952 | Lair:2   | Slain by a seven-headed hydra

Action                   |  1- 3 |  4- 6 |  7- 9 | 10-12 || total
-------------------------+-------+-------+-------+-------++-------
Melee: Unarmed           |    58 |       |       |       ||    58
       Dagger            |    44 |       |       |       ||    44
       Quarterstaff      |    24 |   187 |   505 |   354 ||  1070
 Cast: Summon Small Mamm |     9 |       |     1 |       ||    10
       Call Imp          |     6 |       |     7 |       ||    13
       Call Canine Famil |       |       |    12 |    11 ||    23
       Summon Mana Viper |       |       |     7 |    22 ||    29
Invok: Channel Energy    |       |       |     2 |    38 ||    40
Evoke: Wand              |       |       |    14 |       ||    14
  Use: Potion            |     3 |     8 |    41 |    46 ||    98
       Scroll            |     3 |     3 |    15 |    10 ||    31
 Stab: Sleeping          |     2 |     3 |     4 |     3 ||    12
       Paralysed         |       |     1 |     7 |     2 ||    10
       Confused          |       |       |     5 |     1 ||     6
       Distracted        |       |       |     3 |     1 ||     4
       Invisible         |       |       |       |     1 ||     1
  Eat: Corpse            |     9 |     6 |       |       ||    15
